 Dungeon Crawl Stone Soup version 0.22-a0-422-g9628fc8 (webtiles) character file.

75 PegasusDuck the Conjurer (level 4, -2/25 HPs)
             Began as a Tengu Wanderer on May 17, 2018.
             Slain by an adder (3 damage)
             ... on level 3 of the Dungeon.
             The game lasted 00:04:43 (2336 turns).

PegasusDuck the Conjurer (Tengu Wanderer)           Turns: 2336, Time: 00:04:44

Health: -2/25      AC:  2    Str: 11    XL:     4   Next: 31%
Magic:  0/8        EV: 11    Int: 14    God:
Gold:   111        SH:  0    Dex: 14    Spells: 1/7 levels left

rFire    . . .     SeeInvis .   j - +2 dagger (vamp)
rCold    . . .     Gourm    .   (no shield)
rNeg     + . .     Faith    .   e - +0 robe
rPois    .         Spirit   +   (helmet restricted)
rElec    .         Reflect  .   (no cloak)
rCorr    .         Harm     .   (no gloves)
MR       .....                  (boots unavailable)
Stlth    ++........             r - amulet of guardian spirit
HPRegen  0.08/turn              f - ring of positive energy
MPRegen  0.11/turn              (no ring)

@: lethally poisoned (-2 -> -5)
A: beak, talons 3
a: no special abilities


You were on level 3 of the Dungeon.
You were very hungry.

You visited 1 branch of the dungeon, and saw 3 of its levels.

You collected 111 gold pieces.

Inventory:

Hand Weapons
 a - a +0 dagger
 b - a +0 blowgun
 j - a +2 vampiric dagger (weapon)
Missiles
 c - 12 poisoned needles
Armour
 e - a +0 robe (worn)
Jewellery
 f - a ring of positive energy (left hand)
 r - an amulet of guardian spirit (around neck)
 s - an uncursed ring of wizardry {unknown}
 t - a +2 ring of intelligence {unknown}
 w - an uncursed amulet of magic regeneration {unknown}
Scrolls
 k - a scroll of blinking
 l - a scroll of amnesia
 m - a scroll of teleportation
Potions
 d - a potion of mutation {unknown}
 h - a potion of heal wounds {unknown}
 i - a potion of haste
 q - a potion of degeneration {unknown}
 u - 2 potions of curing {unknown}
 v - 2 potions of cancellation
Comestibles
 g - a ration


   Skills:
 - Level 1.0 Fighting
 - Level 2.0 Throwing
 - Level 2.0 Stealth
 - Level 2.0 Spellcasting
 + Level 4.7 Conjurations
 + Level 2.7 Fire Magic
 - Level 1.0 Poison Magic


You had one spell level left.
You knew the following spells:

 Your Spells              Type           Power        Failure   Level  Hunger
a - Flame Tongue          Conj/Fire      ##...        5%          1    ##.....
b - Throw Flame           Conj/Fire      ##....       8%          2    ###....
c - Mephitic Cloud        Conj/Pois/Air  #.......     32%         3    ####...

Your spell library contained the following spells:

 Spells                   Type           Power        Failure   Level  Hunger
 Fireball                 Conj/Fire      ##........   82%         5    ######.
 Conjure Flame            Conj/Fire      ##......     16%         3    ####...
 Sticky Flame             Conj/Fire      ##......     45%         4    #####..
 Shock                    Conj/Air       #...         9%          1    ##.....
 Inner Flame              Hex/Fire       #.......     38%         3    ####...


Dungeon Overview and Level Annotations

Branches:
Dungeon (3/15)

Altars:
Elyvilon

Annotations:
D:3 Leszczynek's ghost, amateur CeIE


Innate Abilities, Weirdness & Mutations

You have a beak for a mouth.
You have claws for feet.


Message History

The adder bites you.
* * * LOW HITPOINT WARNING * * *
Unknown command.
Casting: Flame Tongue (safe; 5% risk of failure)
Confirm with . or Enter, or press ? or * to list all spells.
Aiming: Flame Tongue (safe; 5% risk of failure)
Press: ? - help, Shift-Dir - straight line, f/p - adder
Aim: an adder (severely wounded)
The flame tongue misses the adder.
The flame tongue hits the goblin.
You kill the goblin!
The adder barely misses you. The adder bites you.
* * * LOW HITPOINT WARNING * * *
You are lethally poisoned!
The adder poisons you!
Unknown command.
Okay, then.
It was a potion of cancellation.
You feel magically purged.
* * * LOW HITPOINT WARNING * * *
You feel sick. The adder bites you.
You die...

...### .. ....#..
..#.#..
###########......
#.......#........
#.......#.##.# .
#....)..).##.###....
#....<..)@Sg)....#
#........###..####
#.......## ##.#
#.......#........#
##.##...#........#.#
#. #..##........#.##
# #..# ........#..#
?... ...........#
........#..######


You could see an adder and a hobgoblin.

Vanquished Creatures
  An adder (D:2)
  A dart slug (D:2)
  3 leopard geckos
  2 orcs (D:3)
  A ball python (D:3)
  3 giant cockroaches
  10 goblins
  6 hobgoblins
  2 jackals (D:1)
  9 kobolds
  A quokka (D:2)
  7 bats
  4 frilled lizards
  5 rats
55 creatures vanquished.

Notes
Turn   | Place    | Note
-------+----------+-------------------------------------------
     0 | D:1      | PegasusDuck the Tengu Wanderer began the quest for the Orb.
     0 | D:1      | PegasusDuck set off with: 12 poisoned needles, a +0 blowgun, a +0 robe, a +0 dagger, a ration
     0 | D:1      | Reached XP level 1. HP: 12/12 MP: 4/4
     2 | D:1      | Learned a level 1 spell: Flame Tongue
    22 | D:1      | Reached skill level 1 in Conjurations
   119 | D:1      | Reached skill level 2 in Conjurations
   126 | D:1      | Reached XP level 2. HP: 13/16 MP: 1/6
   180 | D:1      | Learned a level 2 spell: Throw Flame
   588 | D:1      | Reached skill level 3 in Conjurations
   696 | D:1      | Reached XP level 3. HP: 13/20 MP: 0/7
  1129 | D:2      | Learned a level 3 spell: Mephitic Cloud
  1172 | D:2      | Found a white marble altar of Elyvilon.
  1193 | D:2      | Reached skill level 4 in Conjurations
  1733 | D:2      | Reached XP level 4. HP: 25/25 MP: 8/8
  2029 | D:3      | Noticed Leszczynek's ghost (amateur CeIE)
  2336 | D:3      | HP: 1/25 [poisoned by an adder]
  2336 | D:3      | Slain by an adder

Vault maps used:
D:1:      dpeg_arrival_short_road, st_stairs_5
D:2:      elyvilon_altar_5, first_ration
D:3:      chequers_ecumenical_altar_simple, uniq_jessica

Skill      XL: |  1  2  3 |
---------------+----------+-----
Conjurations   | 2 3 4 |  4.7
Fighting       | |  1.0
Throwing       | |  2.0
Stealth        | |  2.0
Spellcasting   | |  2.0
Fire Magic     | |  2.7
Poison Magic   | |  1.0

Action                   |  1- 3 |  4- 6 || total
-------------------------+-------+-------++-------
Melee: Dagger            |    50 |    27 ||    77
       Kick              |     9 |     8 ||    17
       Peck              |     2 |     2 ||     4
 Fire: Blowgun           |     3 |       ||     3
 Cast: Flame Tongue      |    41 |     6 ||    47
  Use: Scroll            |     3 |     5 ||     8
       Potion            |       |     1 ||     1
 Stab: Sleeping          |     5 |       ||     5
  Eat: Ration            |     2 |       ||     2
       Chunk             |       |     2 ||     2
Armor: Robe              |    17 |    10 ||    27
Dodge: Dodged            |    32 |    16 ||    48

Table legend:
 A = Spawn XP
 B = Non-spawn XP
 C = Spawn XP percentage of total XP
 D = Spawn monster count
 E = Non-spawn monster count
 F = Spawn count percentage of total count
 G = Total turns spent on level
                    A         B        C        D         E        F      G
               +---------+---------+-------+---------+---------+-------+---------
         Total |       0 |     108 |   0.0 |       0 |      55 |   0.0 |  2336
               +---------+---------+-------+---------+---------+-------+---------
           D:1 |       0 |      45 |   0.0 |       0 |      27 |   0.0 |  1122
           D:2 |       0 |      41 |   0.0 |       0 |      18 |   0.0 |  1074
           D:3 |       0 |      22 |   0.0 |       0 |      10 |   0.0 |   140
               +---------+---------+-------+---------+---------+-------+---------
